AoeStats
← IdliDosa

Lombardia

509398855Analyzed
4v4 RM · 5d ago on Sep 26, 2026· 47m 56s· 8 players
Game mode
Random Map
Map size
Large (8 player)
Population
200
Speed
Normal
Resources
Standard
Victory
Conquest
Starting age
Dark Age
Ending age
Imperial Age
RankedLock teamsTeams togetherTeam positionsShared explorationLock speedFull tech treeHidden civsTurbo modeCheats
Victory
Defeat
🇪🇸 Italians · Spain
1283
+20
🇲🇽 Tatars · Mexico
1273
+20
🇩🇪 Maya · Germany
1264
+21
🇮🇳 Varangians · India
1231
+22
🇧🇷 Spanish · Brazil
1400
-22
🇵🇪 Poles · Peru
1389
-22
🇭🇰 Saracens · Hong Kong SAR China
1347
-20
🇧🇷 Franks · Brazil
1326
-19
DarkOrsted
5:58 Loom
8:59 Feudal Age
9:31 Double-Bit Axe
9:29 Horse Collar
16:39 Wheelbarrow
17:57 Town Watch
20:01 Bloodlines
24:05 Castle Age
22:49 Scale Barding Armor
23:31 Forging
24:16 Gold Mining
25:29 Bow Saw
25:24 Heavy Plow
24:49 Light Cavalry
25:29 Husbandry
25:51 Chain Barding Armor
28:01 Szlachta Privileges
29:18 Iron Casting
31:35 Fletching
32:40 Bodkin Arrow
33:46 Ballistics
36:57 Imperial Age
35:22 Murder Holes
38:55 Conscription
40:42 Chemistry
39:48 Siege Engineers
39:21 Onager
40:11 Bracer
41:12 Blast Furnace
39:41 Cavalier
39:42 Winged Hussar
41:44 Capped Ram
42:09 Elite Obuch
42:51 Treadmill Crane
42:41 Cavalier
42:43 Winged Hussar
46:49 Capped Ram
Zé Tretinha
6:49 Loom
9:29 Feudal Age
10:37 Double-Bit Axe
14:39 Scale Barding Armor
14:44 Forging
21:16 Castle Age
22:39 Chain Barding Armor
22:54 Iron Casting
23:25 Husbandry
24:31 Bow Saw
26:28 Gold Mining
30:34 Gold Shaft Mining
31:34 Wheelbarrow
34:20 Imperial Age
34:52 Hand Cart
34:46 Cavalier
38:54 Onager
42:46 Plate Barding Armor
43:11 Blast Furnace
43:05 Paladin
46:57 Chemistry
46:20 Fletching
46:53 Ballistics
48:45 Blast Furnace
Dunha
11:46 Feudal Age
13:14 Loom
16:32 Castle Age
15:57 Double-Bit Axe
16:01 Horse Collar
16:11 Gold Mining
16:30 Gold Mining
23:44 Padded Archer Armor
24:43 Bloodlines
24:34 Town Watch
26:09 Husbandry
27:20 Leather Archer Armor
31:20 Wheelbarrow
38:37 Imperial Age
39:22 Elite Conquistador
40:54 Ring Archer Armor
43:39 Hand Cart
44:53 Fletching
45:47 Ballistics
46:05 Light Cavalry
46:40 Bodkin Arrow
46:51 Scale Barding Armor
46:56 Forging
47:28 Bow Saw
47:06 Hussar
The Crusades Crusader
4:05 Loom
10:37 Feudal Age
15:23 Castle Age
13:48 Double-Bit Axe
14:21 Stone Mining
14:45 Horse Collar
15:43 Gold Mining
21:48 Bow Saw
25:16 Wheelbarrow
25:42 Scale Barding Armor
25:25 Town Watch
26:15 Husbandry
27:48 Forging
28:37 Bloodlines
30:19 Iron Casting
30:47 Heavy Plow
32:11 Chain Barding Armor
32:03 Fletching
32:38 Elite Skirmisher
33:52 Fortified Wall
33:48 Bodkin Arrow
34:46 Thumb Ring
34:43 Padded Archer Armor
37:29 Gold Shaft Mining
39:16 Ballistics
41:31 Imperial Age
41:34 Elite Mameluke
42:18 Bracer
43:22 Plate Barding Armor
44:06 Chemistry
43:52 Leather Archer Armor
45:17 Blast Furnace
46:03 Ring Archer Armor
46:19 Hand Cart
47:45 Conscription
ttmenti88
0:29 Loom
9:15 Feudal Age
9:50 Double-Bit Axe
15:19 Wheelbarrow
16:09 Fletching
20:45 Castle Age
19:07 Horse Collar
19:48 Padded Archer Armor
20:01 Gold Mining
20:57 Crossbowman
21:33 Bodkin Arrow
21:48 Bow Saw
22:11 Heavy Plow
23:13 Leather Archer Armor
26:03 Thumb Ring
26:28 Ballistics
32:27 Hand Cart
37:21 Imperial Age
37:24 Arbalester
37:25 Elite Skirmisher
39:07 Two-Man Saw
39:10 Chemistry
38:44 Crop Rotation
40:35 Stone Mining
45:27 Conscription
45:43 Conscription
46:32 Bracer
47:03 Ring Archer Armor
47:10 Holcans
47:18 Eagle Warrior
48:00 Squires
Aspirante
9:03 Loom
10:50 Feudal Age
15:23 Castle Age
13:15 Double-Bit Axe
14:43 Horse Collar
14:58 Stone Mining
26:48 Wheelbarrow
27:56 Heavy Plow
28:17 Fletching
28:28 Padded Archer Armor
29:38 Ballistics
33:17 Imperial Age
30:45 Bodkin Arrow
31:09 Gold Mining
32:23 Leather Archer Armor
33:54 Thumb Ring
35:15 Chemistry
34:24 Town Watch
34:55 Bow Saw
34:55 Bracer
35:26 Ring Archer Armor
38:48 Elite Genoese Crossbowman
Noxxz
5:05 Loom
10:33 Feudal Age
12:04 Double-Bit Axe
13:40 Horse Collar
18:13 Castle Age
17:42 Scale Barding Armor
17:51 Bloodlines
18:13 Forging
21:56 Bow Saw
22:56 Iron Casting
24:05 Wheelbarrow
24:44 Heavy Plow
25:18 Fletching
25:59 Bodkin Arrow
27:24 Gold Mining
30:14 Chain Barding Armor
33:46 Bodkin Arrow
35:54 Padded Archer Armor
36:42 Ballistics
39:07 Hand Cart
39:40 Leather Archer Armor
41:58 Imperial Age
42:51 Bracer
43:53 Chemistry
42:26 Capped Ram
43:58 Ring Archer Armor
44:06 Light Cavalry
44:51 Heavy Cavalry Archer
47:12 Caravan
46:49 Hussar
49:16 Blast Furnace
IdliDosa
7:12 Loom
9:22 Feudal Age
9:59 Double-Bit Axe
10:10 Horse Collar
13:10 Bloodlines
20:35 Wheelbarrow
20:37 Forging
21:22 Scale Barding Armor
26:11 Castle Age
24:54 Gold Mining
26:43 Light Cavalry
27:24 Husbandry
28:00 Iron Casting
27:46 Chain Barding Armor
28:12 Bow Saw
28:04 Heavy Plow
30:40 Hand Cart
30:11 Town Watch
31:07 Stone Mining
38:54 Imperial Age
36:28 Vendel Legacy
39:03 Cavalier
40:31 Plate Barding Armor
40:56 Blast Furnace
41:06 Blast Furnace
41:00 Conscription
41:44 Crop Rotation
46:09 Two-Man Saw
44:45 Hussar
Connection lost

Rejoining the realm…

Still unreachable

The connection could not be restored.

Session expired

The server has moved on; the page needs a fresh start.